 Dungeon Crawl Stone Soup version 0.27.1-33-g824d729ab1 (webtiles) character file.

Game seed: 2869626955884823073

81 mcbry74 the Insei (level 4, -3/32 HPs)
             Began as a Merfolk Transmuter on Dec 23, 2021.
             Killed by nerve-wracking pain
             ... invoked by an orc priest
              (10 damage)
             ... on level 3 of the Dungeon.
             The game lasted 00:10:03 (3634 turns).

mcbry74 the Insei (Merfolk Transmuter)              Turns: 3634, Time: 00:10:04

Health: -3/32      AC:  5    Str: 10    XL:     4   Next: 40%
Magic:  6/7        EV: 12    Int: 13    God:
Gold:   72         SH:  0    Dex: 14    Spells: 6/7 levels left

rFire    . . .     SeeInvis .     - Unarmed
rCold    . . .     Faith    .   (no shield)
rNeg     . . .     Spirit   .   a - +0 robe
rPois    .         Reflect  .   (helmet currently unavailable)
rElec    .         Harm     .   (no cloak)
rCorr    .         Rampage  .   k - +2 pair of gloves
Will     .....                  (boots currently unavailable)
Stlth    ++........             (no amulet)
HPRegen  0.10/turn              (no ring)
MPRegen  0.10/turn              (no ring)

@: appendages (expiring)
A: horns 2, (nimble swimmer 2), mertail
a: End Transformation


You were on level 3 of the Dungeon.
You had temporarily grown beastly horns.
You visited 1 branch of the dungeon, and saw 3 of its levels.

You collected 72 gold pieces.

Inventory:

Hand Weapons
 f - a +0 dagger
Missiles
 d - 15 poisoned darts (quivered)
 j - 5 curare-tipped darts
Armour
 a - a +0 robe (worn)
 e - a +0 pair of boots (melded)
 k - a +2 pair of gloves (worn)
Scrolls
 b - a scroll of immolation {unknown}
 g - a scroll of acquirement {unknown}
 i - a scroll of vulnerability {unknown}
Potions
 c - a potion of flight {unknown}
 h - a potion of haste


   Skills:
 - Level 1.1 Fighting
 - Level 2.6 Dodging
 + Level 2.1 Stealth
 * Level 4.5 Unarmed Combat
 - Level 2.0 Spellcasting
 + Level 3.8 Transmutations


You had 6 spell levels left.
You knew the following spells:

 Your Spells              Type           Power      Damage    Failure   Level
a - Beastly Appendage     Tmut           22%        N/A       5%          1

Your spell library contained the following spells:

 Spells                   Type           Power      Damage    Failure   Level
 Wereblood                Tmut           11%        N/A       9%          2
 Spider Form              Tmut/Pois      3%         N/A       34%         3
 Ice Form                 Ice/Tmut       6%         N/A       75%         4


Dungeon Overview and Level Annotations

Branches:
Dungeon (3/15)

Altars:


Innate Abilities, Weirdness & Mutations

You have temporarily grown beastly horns.
((You are quick and stealthy near water. (Stealth+, EV+, Speed+++)))
Your lower body shifts to a powerful aquatic tail in water.


Message History

The orc priest shouts!
The orc priest miscasts a cantrip.
The orc priest calls down the wrath of Beogh upon you.
Beogh smites you!
An orc priest is nearby!
The orc priest casts a cantrip, but nothing happens.
Casting: Beastly Appendage (safe; 5% risk of failure)
Confirm with . or Enter, or press ? or * to list all spells.
You grow a pair of large bovine horns.
Your +0 pair of boots melds into your body.
The orc priest calls down the wrath of Beogh upon you.
Pain shoots through your body!
You hit the orc priest but do no damage.
The orc priest looks satisfied for a moment.
You hit the orc priest but do no damage.
You headbutt the orc priest.
The orc priest is lightly wounded.
The orc priest closely misses you.
You barely miss the orc priest.
The orc priest is lightly wounded.
Your transformation is almost over.
The orc priest begins to cast a cantrip, but forgets the words!
You hit the orc priest.
The orc priest is lightly wounded.
The orc priest closely misses you.
You hit the orc priest.
The orc priest is moderately wounded.
The orc priest closely misses you.
You hit the orc priest.
The orc priest is heavily wounded.
You closely miss the orc priest.
The orc priest is heavily wounded.
The orc priest hits you with a +2 flail of protection.
* * * LOW HITPOINT WARNING * * *
You hit the orc priest but do no damage.
You headbutt the orc priest.
The orc priest is severely wounded.
The orc priest calls down the wrath of Beogh upon you.
Pain shoots through your body!
You die...

..
#...................#.#...
..
#...................#.#.#.
..
#...................#.#.#.
#...................#.#...
#...................#.#.#.
#...................#...#.
#..................######.
#######.o..#.####### #.
#....#@...# #.
#.##.#..############ ##
#.##.#.....).......#
#.##.#.###########.#
#.####.# #.# #......#
#.#### ######## #.....
#.#### ###


You could see an orc priest.

Vanquished Creatures
  3 adders (D:2)
  2 orcs (D:3)
  6 ball pythons
  4 bats
  4 endoplasms (D:1)
  2 giant cockroaches
  4 goblins
  5 hobgoblins
  5 quokkas
  2 frilled lizards
  5 kobolds
  4 rats
46 creatures vanquished.

Notes
Turn   | Place    | Note
-------+----------+-------------------------------------------
     0 | D:1      | mcbry74 the Merfolk Transmuter began the quest for the Orb.
     0 | D:1      | Reached XP level 1. HP: 15/15 MP: 3/3
   337 | D:1      | Reached XP level 2. HP: 15/21 MP: 3/5
   643 | D:1      | Reached skill level 1 in Stealth
  1222 | D:2      | Reached XP level 3. HP: 26/26 MP: 6/6
  1426 | D:2      | Reached skill level 4 in Unarmed Combat
  2178 | D:2      | Reached XP level 4. HP: 19/32 MP: 5/7
  3302 | D:3      | Found a faded altar of an unknown god.
  3634 | D:3      | Killed from afar by an orc priest

Illustrated notes

Levels and vault maps discovered:
D:1:      erik_arrival_blinker_ship, layout_loops_ring, corexii_hall_statues_x
D:2:      layout_basic, serial_park_tiny_2, corexii_hall_statues_deadend,
          serial_bayou_lake_a
D:3:      layout_basic, mainiacjoe_overflow_alcove_1, basic_ecumenical_altar

Skill      XL: |  1  2  3  4 |
---------------+-------------+-----
Transmutations | 3 |  3.8
Stealth        | 1 2 |  2.1
Unarmed Combat | 4 |  4.5
Fighting       | |  1.1
Dodging        | |  2.6
Spellcasting   | |  2.0

Action                   |  1- 3 |  4- 6 || total
-------------------------+-------+-------++-------
Melee: Unarmed           |    66 |    39 ||   105
       Headbutt          |     2 |     3 ||     5
Throw: Dart              |    34 |    22 ||    56
 Cast: Beastly Appendage |     5 |     4 ||     9
  Use: Potion            |       |     1 ||     1
 Stab: Sleeping          |     2 |     2 ||     4
Armor: Robe              |    28 |     4 ||    32
Dodge: Dodged            |    35 |    21 ||    56
